 Dungeon Crawl Stone Soup version 0.20-a0-548-g4f8a798 (webtiles) character file.

41 Alarkh the Slasher (level 3, 29/29 HPs)
             Began as a Demonspawn Monk on Feb 1, 2017.
             Got out of the dungeon alive.
             The game lasted 00:01:19 (782 turns).

Alarkh the Slasher (Demonspawn Monk)                 Turns: 782, Time: 00:01:19

Health: 29/29      AC:  3    Str: 11    XL:     3   Next: 32%
Magic:  3/3        EV: 13    Int: 12    God:
Gold:   26         SH:  0    Dex: 15    Spells: 2/2 levels left

rFire    . . .     SeeInvis .   a - +0 falchion
rCold    . . .     Gourm    .   b - +0 robe
rNeg     + . .     Faith    .   (no shield)
rPois    .         Spirit   .   (helmet restricted)
rElec    .         Reflect  .   k - +0 cloak
rCorr    .         Harm     .   (no gloves)
MR       .....                  (no boots)
Stlth    ++........             d - amulet of regeneration
Regen    0.5/turn               (no ring)
                                g - ring of positive energy

@: no status effects
A: horns 1, rot immunity
a: no special abilities


You escaped.
You were not hungry.

You visited 1 branch of the dungeon, and saw 2 of its levels.

You collected 26 gold pieces.

Inventory:

Hand Weapons
 a - a +0 falchion (weapon)
Armour
 b - a +0 robe (worn)
 k - a +0 cloak (worn)
Jewellery
 d - an amulet of regeneration (around neck)
 g - a ring of positive energy (left hand)
Wands
 m - a wand of acid (6/15)
Scrolls
 e - a scroll of identify
Potions
 h - a potion of curing {unknown}
 i - a potion of cancellation
 l - a potion of agility {unknown}
Comestibles
 c - 3 bread rations
 f - 3 chunks of flesh
 j - a royal jelly


   Skills:
 - Level 3.0 Fighting
 + Level 4.0 Long Blades
 - Level 2.6 Dodging
 - Level 1.7 Stealth


You had 2 spell levels left.
You didn't know any spells.

Dungeon Overview and Level Annotations

Branches:
Dungeon (2/15)

Altars:
Makhleb
Nemelex Xobeh


Innate Abilities, Weirdness & Mutations

You have a pair of small horns on your head.
You are immune to rotting.


Message History

The frilled lizard hisses angrily.
You hit the rat.
You kill the rat!
You closely miss the frilled lizard.
Your headbutt misses the frilled lizard.
The frilled lizard barely misses you.
You barely miss the frilled lizard. The frilled lizard closely misses you.
You slash the frilled lizard!
You kill the frilled lizard!
No target in view!
No target in view!
No target in view!
No target in view!
No target in view!
No target in view!
No target in view!
There is an open gate here.
There is a staircase leading out of the dungeon here.
Are you sure you want to leave the Dungeon?
This will make you lose the game!
You have escaped!

# ####### # #.....# # #.....# #
#.....# # #.....# ### #.....#
..###### #######..# #.#....#
#..@..#..# #......#### ##...##.##
##........####.###.#..#
###.)).##....#8'''8##.#
....>######..###.####.## #####
..........#.......# #..# #...#
.....####.#.......# ##.####.#.#
.....# #.#.......####.#....#.#
.....####.#.........##...####.###


There were no monsters in sight!

Vanquished Creatures
  An adder (D:2)
  A dart slug (D:1)
  A leopard gecko (D:1)
  2 giant cockroaches (D:1)
  5 goblins
  6 hobgoblins
  2 kobolds (D:1)
  3 bats
  2 frilled lizards (D:1)
  4 rats (D:1)
27 creatures vanquished.

Notes
Turn   | Place    | Note
-------+----------+-------------------------------------------
     0 | D:1      | Alarkh the Demonspawn Monk began the quest for the Orb.
     0 | D:1      | Reached XP level 1. HP: 18/18 MP: 1/1
    36 | D:1      | Reached skill level 3 in Long Blades
    72 | D:1      | Gained mutation: You have a pair of small horns on your head. [demonic ancestry]
    72 | D:1      | Reached XP level 2. HP: 21/24 MP: 2/2
   561 | D:2      | Found a sparkling altar of Nemelex Xobeh.
   589 | D:2      | Gained mutation: You are immune to rotting. [demonic ancestry]
   589 | D:2      | Reached XP level 3. HP: 18/29 MP: 3/3
   671 | D:2      | Reached skill level 4 in Long Blades
   687 | D:2      | Found a burning altar of Makhleb.
   782 | D:$      | Got out of the dungeon alive.

Vault maps used:
D:1:      saegor_arrival_simple_c, minmay_fountain_box, minivault_27
D:2:      lightli_temple_of_fire, overflow_temple_1_default, first_bread

Skill      XL: |  1  2  3 |
---------------+----------+-----
Long Blades    | 3 4 |  4.0
Fighting       | |  3.0
Dodging        | |  2.6
Stealth        | |  1.7

Action                   || total
-------------------------++-------
Melee: Falchion          ||    65
       Headbutt          ||    10
  Use: Scroll            ||     1
 Stab: Sleeping          ||     2
Armor: Robe              ||    21
Dodge: Dodged            ||    71
       Rpst.: Falchion   ||    24
